 Dungeon Crawl Stone Soup version 0.31-a0-1-g4198be8af4 (webtiles) character file.

Game seed: 10171291441475693855

253 LobsterGuardian the Trooper (level 5, 0/45 HPs)
             Began as a Mummy Cinder Acolyte on May 3, 2023.
             Was an Elder of Ignis.
             Slain by a mummy (13 damage)
             ... in an ossuary.
             The game lasted 00:07:21 (3353 turns).

LobsterGuardian the Trooper (Mummy Cinder Acolyte)  Turns: 3353, Time: 00:07:21

Health: 0/45       AC: 10    Str: 17    XL:     5   Next: 90%
Magic:  1/7        EV: 11    Int: 14    God:    Ignis [****..]
Gold:   127        SH:  4    Dex: 15    Spells: 4/6 levels left

rFire   . . .        b - +2 dagger (freeze)
rCold   + . .        h - +0 buckler
rNeg    + + +        a - +0 leather armour
rPois   ∞            (no helmet)
rElec   .            (no cloak)
rCorr   .            (no gloves)
SInv    .            (no boots)
Will    .....        (no amulet)
Stlth   +            j - +6 ring of dexterity
HPRegen 0.27/turn    (no ring)
MPRegen 0.10/turn

%: faith
@: fiery-armoured
A: cold resistance 1, negative energy resistance 3, torment resistance 2, heat
vulnerability 1, in touch with death 1, no potions, faith
a: Renounce Religion, Fiery Armour, Foxfire Swarm


You were in an ossuary.
You worshipped Ignis.
Ignis was greatly pleased with you.
You visited 1 branch of the dungeon, and saw 5 of its levels.
You also visited: Ossuary.

You collected 127 gold pieces.

Inventory:

Hand Weapons
 b - a +2 dagger of freezing (weapon)
Armour
 a - a +0 leather armour (worn)
 h - a +0 buckler (worn)
Jewellery
 j - a +6 ring of dexterity (left hand)
Wands
 e - a wand of paralysis (4)
Scrolls
 c - a scroll of amnesia
 d - a scroll of vulnerability
 f - a scroll of fear
 g - 2 scrolls of teleportation
 i - 2 scrolls of identify


   Skills:
 * Level 5.6 Fighting
 - Level 0.7 Short Blades
 + Level 1.1 Dodging
 + Level 0.4 Shields
 - Level 2.5 Unarmed Combat
 - Level 1.3 Spellcasting
 - Level 3.1 Fire Magic


You had 4 spell levels left.
You knew the following spells:

 Your Spells              Type           Power      Damage    Failure   Level
a - Scorch                Fire           18%        2d6       17%         2

Your spell library contained the following spells:

 Spells                   Type           Power      Damage    Failure   Level
 Apportation              Tloc           0%         N/A       38%         1
 Shock                    Conj/Air       0%         1d3       38%         1
 Lesser Beckoning         Tloc           0%         N/A       52%         2
 Gell's Gravitas          Tloc           0%         N/A       77%         3
 Swiftness                Air            0%         N/A       77%         3
 Teleport Other           Tloc           0%         N/A       77%         3
 Airstrike                Air            0%         2d(0-16)  99%         4
 Alistair's Intoxication  Tmut/Pois      0%         N/A       100%        5


Dungeon Overview and Level Annotations

Branches:
Dungeon (5/15)            Ossuary (1/1)
 Temple: D:4-7

Altars:
Dithmenos

Shops:
D:3 :

Annotations:
D:2 1 runed translucent door, Crazy Yiuf
D:5 BirdDuck's ghost, novice MiFi


Innate Abilities, Weirdness & Mutations

You are immune to poison.
Your flesh is cold resistant. (rC+)
You are immune to negative energy. (rN+++)
You are immune to unholy pain and torment.
You are vulnerable to heat. (rF-)
You are in touch with the powers of death.
You do not drink.
You have a special connection with the divine. (Faith)


Message History

Flames lash the mummy.
The mummy is burned terribly!
The mummy is moderately damaged.
The mummy's fire resistance burns away.
The mummy misses you.
A mummy comes into view.
The mummy hits you.
The mummy is burned terribly!
The mummy is burned by your cloak of flames.
The mummy is heavily damaged.
You don't have enough magic to cast this spell.
Unknown command.
You hit the mummy but do no damage.
The mummy is heavily damaged.
A mummy comes into view.
The kobold zombie hits you but does no damage.
The kobold zombie is burned by your cloak of flames.
The kobold zombie is heavily damaged.
The mummy hits you!
The mummy is burned by your cloak of flames.
The mummy is heavily damaged.
You can't drink.
Unknown command.
You can't drink.
Okay, then.
You hit the mummy. You freeze the mummy.
The mummy is severely damaged.
The mummy hits you.
* * * LOW HITPOINT WARNING * * *
The mummy is burned terribly!
The mummy is burned by your cloak of flames.
The mummy is severely damaged.
Activating: Foxfire Swarm
Press: ? - help, Dir - look around, f - activate Flames leap up around you!
The mummy is no longer more vulnerable to fire.
The foxfire hits the kobold zombie.
The kobold zombie is moderately damaged.
The foxfire hits the hobgoblin zombie.
The hobgoblin zombie is heavily damaged.
The kobold zombie barely misses you. You block the mummy's attack.
The mummy hits you!
You die...

...##....##....
............M..
..M...........
............
#........#


#.ZZMvv# #ZMZM# #.M@v# #vZvv# #vvvv# #....# #....# #....# #....# #.∩∩.# ######
You could see 6 mummies, a hobgoblin zombie (ally target), a gnoll zombie, 2
kobold zombies and an orc zombie.

Vanquished Creatures
  A centaur (D:5)
  Natasha (thrice) (D:2)
  2 adders
  A worm (D:2)
  2 dart slugs
  5 orcs
  5 ball pythons
  4 bats
  5 endoplasms
  2 giant cockroaches
  4 goblins
  9 hobgoblins
  8 jackals
  4 quokkas
  2 frilled lizards
  A gnoll zombie (Ossuary)
  2 hobgoblin zombies (Ossuary)
  3 kobolds
  4 rats
67 creatures vanquished.

Notes
Turn   | Place    | Note
-------+----------+-------------------------------------------
     0 | D:1      | LobsterGuardian the Mummy Cinder Acolyte began the quest
                  | for the Orb.
     0 | D:1      | Reached XP level 1. HP: 18/18 MP: 2/2
   258 | D:1      | Reached XP level 2. HP: 18/24 MP: 4/4
   261 | D:1      | Learned a level 2 spell: Scorch
   814 | D:1      | Gained mutation: You are in touch with the powers of death.
                  | [Mummy growth]
   814 | D:1      | Reached XP level 3. HP: 29/30 MP: 1/5
  1135 | D:2      | Noticed Natasha
  1377 | D:2      | Found a runed translucent door.
  1378 | D:2      | Noticed Crazy Yiuf
  1550 | D:2      | Reached skill level 4 in Fighting
  1601 | D:2      | Killed Natasha
  1602 | D:2      | Reached XP level 4. HP: 21/37 MP: 1/6
  1766 | D:2      | Noticed Natasha
  1780 | D:2      | Killed Natasha
  1937 | D:2      | Noticed Natasha
  1949 | D:2      | Killed Natasha
  2073 | D:3      | Found a shadowy altar of Dithmenos.
  2457 | D:3      | Found Qearivit's Book Shoppe.
  2478 | D:3      | Reached XP level 5. HP: 43/43 MP: 2/7
  2868 | D:4      | You fall into a shaft and drop 1 floor!
  2868 | D:5      | Entered Level 5 of the Dungeon
  2873 | D:5      | Noticed a centaur
  2885 | D:5      | Killed a centaur
  2886 | D:5      | Reached skill level 5 in Fighting
  3037 | D:5      | Noticed an orc warrior
  3038 | D:5      | Noticed a centaur
  3071 | D:5      | Noticed BirdDuck's ghost (novice MiFi)
  3091 | D:5      | Reached skill level 1 in Dodging
  3278 | D:4      | Found a sand-covered staircase.
  3326 | Ossuary  | Entered an ossuary
  3353 | Ossuary  | Slain by a mummy

Illustrated notes

Levels and vault maps discovered:
D:1:      wander_arrival_chamber, layout_basic
D:2:      layout_basic, uniq_crazy_yiuf_cottage, uniq_natasha
D:3:      layout_rooms, grunt_dithmenos_smoke, serial_shops,
          nicolae_shop_tiny_statue_garden, chequers_serial_rivers_micro_b,
          st_stairs_4
D:4:      layout_loops_ring, grunt_temple_overflow_open, jmf_multi_god_temple,
          nicolae_ossuary_entry_plus, serial_co_window_serial,
          co_window_corner_a, co_window_paths_b, co_window_corner_a,
          co_window_of_opportunity_a, co_window_paths_a,
          co_window_of_opportunity_b, co_window_2corner, co_window_corner_cb,
          co_window_paths_c, co_window_2corner, co_window_unsneaky_path_a,
          glass_columns_a, glass_columns_a, glass_columns_a, glass_columns_c,
          minivault_25, minmay_manual_mess
D:5:      layout_gridville, fedhas_altar_2, minmay_temple_entry_offerings,
          gammafunk_ghost_arena
Ossuary:  ossuary_tomb_3

Skill      XL: |  1  2  3  4  5 |
---------------+----------------+-----
Fighting       | 4 5 |  5.6
Fire Magic     | 3 |  3.1
Dodging        | 1 |  1.1
Short Blades   | |  0.7
Shields        | |  0.4
Unarmed Combat | |  2.5
Spellcasting   | |  1.3

Action                     |  1- 3 |  4- 6 || total
---------------------------+-------+-------++-------
  Melee: Dagger            |    72 |    71 ||   143
         Unarmed           |     6 |       ||     6
         Punch             |     2 |       ||     2
   Cast: Scorch            |    24 |    29 ||    53
 Invoke: Fiery Armour      |     1 |     1 ||     2
         Rising Flame      |     1 |       ||     1
         Foxfire Swarm     |       |     1 ||     1
  Evoke: Wand              |       |     3 ||     3
    Use: Scroll            |     3 |     4 ||     7
   Stab: Paralysed         |       |     3 ||     3
 Armour: Robe              |     9 |       ||     9
         Leather armour    |       |    23 ||    23
  Dodge: Dodged            |    62 |    43 ||   105
  Block: Buckler           |     1 |    11 ||    12

Table legend: (Time is in decaauts)
 A = Elapsed time spent in this place.
 B = Non-inter-level travel time spent in this place.
 C = Inter-level travel time spent in this place.
 D = Time resting spent in this place.
 E = Time spent auto-exploring this place.
 F = Levels seen in this place.
 G = Mean time per level.
                   A        B        C        D        E       F      G
               +--------+--------+--------+--------+--------+-----+--------+
         Total |   3351 |   3234 |    117 |    140 |   2614 |   6 |  558.5 |
       Dungeon |   3325 |   3208 |    117 |    140 |   2606 |   5 |  665.0 |
       Ossuary |     26 |     26 |      0 |      0 |      8 |   1 |   26.0 |
               +--------+--------+--------+--------+--------+-----+--------+

Top non-repeatable levels by time:
     D:1: 1029 daAuts
     D:2: 1006 daAuts
     D:3: 828 daAuts
     D:5: 373 daAuts
     D:4: 86 daAuts
 Ossuary: 26 daAuts
